 Dungeon Crawl Stone Soup version 0.17-a0-2147-gfb20a63 (console) character file.

30 brucemayne the Chopper (level 3, -1/29 HPs)
             Began as a Demonspawn Berserker on Oct 24, 2015.
             Was a Follower of Trog.
             Slain by an ufetubus (2 damage)
             ... summoned by a ynoxinul
             ... on level 1 of the Abyss.
             The game lasted 00:01:40 (447 turns).

brucemayne the Chopper (Demonspawn Berserker)        Turns: 447, Time: 00:01:41

Health: -1/29      AC:  2    Str: 18    XL:     3   Next: 3%
Magic:  3/3        EV: 12    Int:  8    God:    Trog [*.....]
Gold:   43         SH:  0    Dex: 12    Spells: 0 memorised, 2 levels left

rFire  . . .     SeeInvis .     a - +0 hand axe
rCold  . . .     Clarity  .     b - +0 animal skin
rNeg   . . .     SustAt   .     (no shield)
rPois  .         Gourm    .     (helmet restricted)
rElec  .         Spirit   .     (no cloak)
rCorr  .         Warding  .     (no gloves)
rMut   .         Stasis   .     (no boots)
MR     .....                    (no amulet)
Stlth  +.........               (no ring)
                                (no ring)

@: not resistant to hostile enchantments, very unstealthy
A: antennae 1, powered by pain 1
a: Berserk, Burn Spellbooks, Renounce Religion


You were on level 1 of the Abyss.
You worshipped Trog.
Trog was aware of your devotion.
You were not hungry.

You visited 1 branch of the dungeon, and saw 3 of its levels.
You visited the Abyss 1 time.

You collected 43 gold pieces.

Inventory:

Hand Weapons
 a - a +0 hand axe (weapon)
Armour
 b - a +0 animal skin (worn)
Scrolls
 d - 3 scrolls of identify {unknown}
 e - a scroll of blinking {unknown}
 h - 2 scrolls of amnesia {unknown}
 i - a scroll of teleportation {unknown}
 j - a scroll of fear {unknown}
Potions
 f - a potion of resistance {unknown}
Comestibles
 c - a bread ration
 g - 4 chunks of flesh


   Skills:
 - Level 3.0 Fighting
 + Level 3.8 Axes
 - Level 1.7 Armour
 - Level 1.7 Dodging


You had 2 spell levels left.
You didn't know any spells.

Dungeon Overview and Level Annotations

Branches:
Dungeon (3/15)

Altars:


Innate Abilities, Weirdness & Mutations

You have a pair of small antennae on your head.
You sometimes gain a little power by taking damage.


Message History

The ufetubus misses you. The ufetubus barely misses you.
The ynoxinul gestures.
The ufetubus hits you. The ufetubus completely misses you.
The ufetubus barely misses you. x2
The ufetubus barely misses you. The ufetubus misses you.
The ufetubus barely misses you. The ufetubus hits you. The ufetubus misses you.
The ufetubus hits you but does no damage.
The ufetubus hits you.
The ufetubus hits you but does no damage.
The ufetubus misses you. The ufetubus hits you.
* * * LOW HITPOINT WARNING * * *
The ufetubus barely misses you. x2
The ufetubus misses you. The ufetubus hits you.
* * * LOW HITPOINT WARNING * * *
The ufetubus hits you.
* * * LOW HITPOINT WARNING * * *
The ufetubus barely misses you.
The ufetubus hits you but does no damage.
The ufetubus hits you.
You die...

#..#......
#.....#..# #
......#..#
#......#
#.......###... .
.. . #..#.. ....(#
## #. #....∩....#
.#.# ....# #..## #
.
.#.....#..5#######
#...#....55.....#
##.. .#535@.#..#
#........###....#
###.#####.# .####
##. ## # #


You could see a ynoxinul and 5 ufetubi.

Vanquished Creatures
  An adder (D:2)
  2 giant geckos
  A ball python (D:2)
  2 goblins (D:1)
  3 hobgoblins
  3 bats
  2 giant newts
  A kobold (D:1)
  2 rats
17 creatures vanquished.

Notes
Turn   | Place    | Note
--------------------------------------------------------------
     0 | D:1      | brucemayne the Demonspawn Berserker began the quest for the Orb.
     0 | D:1      | Reached XP level 1. HP: 18/18 MP: 1/1
   233 | D:1      | Gained mutation: You have a pair of small antennae on your head. [demonic ancestry]
   233 | D:1      | Reached XP level 2. HP: 14/24 MP: 2/2
   406 | D:3      | Gained mutation: You sometimes gain a little power by taking damage. [demonic ancestry]
   406 | D:3      | Reached XP level 3. HP: 22/29 MP: 3/3
   412 | D:3      | Cast into the Abyss (goblin)
   430 | Abyss:1  | Noticed a ynoxinul
   447 | Abyss:1  | HP: 1/29 [ufetubus[a ynoxinul] (2)]
   447 | Abyss:1  | Slain by an ufetubus

Vault maps used:
D:1:      dpeg_arrival_arbitrary_c, st_stairs_6
D:2:      nicolae_dithmenos_through_a_glass_darkly, minmay_quantized
Abyss:1:  evilmike_abyss_exit_disperse

Action                   || total
-------------------------++-------
Melee: Hand axe          ||    57
Invok: Berserk           ||     3
  Eat: Chunk             ||     2
